 Dungeon Crawl Stone Soup version 0.29.1-2-gbd0b4ee654 (webtiles) character file.

Game seed: 1782482741415604898

58 DildoBatman the Conjurer (level 4, -5/30 HPs)
             Began as a Formicid Conjurer on Nov 17, 2022.
             Killed from afar by an orc wizard (10 damage)
             ... with a puff of flame
             ... on level 4 of the Dungeon on Nov 18, 2022.
             The game lasted 00:02:36 (691 turns).

DildoBatman the Conjurer (Formicid Conjurer)         Turns: 691, Time: 00:02:36

Health: -5/30      AC:  2    Str: 12    XL:     4   Next: 21%
Magic:  0/7        EV: 12    Int: 17    God:
Gold:   66         SH:  0    Dex: 14    Spells: 4/7 levels left

rFire   . . .      SeeInvis +   b - +0 sling
rCold   . . .      Faith    .   (no shield)
rNeg    . . .      Spirit   .   e - +0 robe
rPois   .          Reflect  .   (helmet unavailable)
rElec   .          Harm     .   (no cloak)
rCorr   .          Rampage  .   (no gloves)
Will    .....                   (no boots)
Stlth   +.........              (no amulet)
HPRegen 0.10/turn               (no ring)
MPRegen 0.10/turn               (no ring)

@: confused
A: permanent stasis, dig shafts and tunnels, antennae 3, four strong arms
a: Dig, Shaft Self


You were on level 4 of the Dungeon.
You visited 1 branch of the dungeon, and saw 3 of its levels.

You collected 66 gold pieces.

Inventory:

Hand Weapons
 a - a +2 dagger of draining
 b - a +0 sling (weapon)
Missiles
 f - 30 stones
Armour
 e - a +0 robe (worn)
Scrolls
 d - a scroll of magic mapping {unknown}
 h - a scroll of teleportation {unknown}
 j - a scroll of enchant weapon {unknown}
Potions
 c - a potion of magic
 g - a potion of curing {unknown}
 i - 4 potions of flight {unknown}
 k - a potion of degeneration {unknown}
 l - a potion of haste {unknown}


   Skills:
 - Level 1.7 Dodging
 - Level 2.4 Stealth
 - Level 2.1 Spellcasting
 * Level 5.0 Conjurations


You had 4 spell levels left.
You knew the following spells:

 Your Spells              Type           Power      Damage    Failure   Level
a - Searing Ray           Conj           36%        2d5       3%          2
c - Magic Dart            Conj           72%        1d6       2%          1

Your spell library contained the following spells:

 Spells                   Type           Power      Damage    Failure   Level
 Dazzling Flash           Conj/Hex       20%        N/A       21%         3
 Fulminant Prism          Conj/Hex       5%         3d7       56%         4
 Iskenderun's Mystic Bla  Conj/Tloc      10%        2d4       56%         4


Dungeon Overview and Level Annotations

Branches:
Dungeon (2/15)

Altars:

Annotations:
D:4 1 runed translucent door, noe's ghost, amateur MiGl


Innate Abilities, Weirdness & Mutations

You cannot be hasted, slowed, berserked, paralysed or teleported.
You can dig through walls and to a lower floor.
You have a pair of large antennae on your head. (SInv)
Your four strong arms can wield two-handed weapons with a shield.


Message History

The searing ray hits the orc.
The orc is severely wounded.
You finish channelling your searing ray.
Your Conjurations skill increases to level 5!
You have reached level 4!
You feel stronger.
Casting: Searing Ray (safe; 3% risk of failure)
Confirm with . or Enter, or press ? or * to list all spells.
Aiming: Magic Dart (safe; 2% risk of failure)
Press: ? - help, Shift-Dir - straight line, f/p - orc wizard
Aim: an orc wizard, wielding a +0 dagger and wearing a +0 robe (almost dead, 100% to hit)
The magic dart hits the orc wizard but does no damage.
The orc wizard is almost dead.
The orc wizard hits you with a +0 dagger.
Okay, then.
What are your orders? t - Shout!
Orders for allies: a - Attack new target. p - Attack previous target. r - Retreat! s - Stop attacking. g - Guard the area. f - Follow me.
Anything else - Cancel.
You shout for attention!
The orc wizard casts a spell at you. The puff of flame hits you!
What are your orders? t - Shout!
Orders for allies: a - Attack new target. p - Attack previous target. r - Retreat! s - Stop attacking. g - Guard the area. f - Follow me.
Anything else - Cancel.
You shout for attention!
The orc wizard points at you and mumbles some strange words.
You are confused.
What are your orders? t - Shout!
Anything else - Cancel.
You shout for attention!
The orc wizard casts a spell at you. The puff of flame hits you!
You die...

..o(## #. .....#
#. .o.... #.#
#..o... #.#.#
..o.$.. #.#.#
......#
#.#.####......#
#.#..@ooo#
.####....#####.#
...............#
{
#####...#######
.# ##.....###
..# ##.........#
#.#
##...###....#
#.#
##...##W##....#
#.#
##...##...##....


You could see an orc wizard, noe's ghost and 2 orcs.

Vanquished Creatures
  An orc wizard (D:4)
  2 dart slugs (D:2)
  An orc (D:4)
  An endoplasm (D:1)
  3 giant cockroaches (D:1)
  2 goblins (D:1)
  3 hobgoblins (D:1)
  2 jackals (D:1)
  2 quokkas (D:1)
  3 ball pythons
  3 bats (D:1)
  2 kobolds (D:1)
  2 rats
27 creatures vanquished.

Notes
Turn   | Place    | Note
-------+----------+-------------------------------------------
     0 | D:1      | DildoBatman the Formicid Conjurer began the quest for the
                  | Orb.
     0 | D:1      | Reached XP level 1. HP: 13/13 MP: 3/3
   120 | D:1      | Reached XP level 2. HP: 19/19 MP: 5/5
   123 | D:1      | Learned a level 2 spell: Searing Ray
   130 | D:1      | Reached skill level 4 in Conjurations
   497 | D:1      | Reached XP level 3. HP: 24/24 MP: 3/6
   644 | D:2      | You fall into a shaft and drop 2 floors!
   657 | D:4      | Found a runed translucent door.
   662 | D:4      | Noticed noe's ghost (amateur MiGl)
   688 | D:4      | Reached skill level 5 in Conjurations
   688 | D:4      | Reached XP level 4. HP: 18/30 MP: 1/7
   691 | D:4      | Killed from afar by an orc wizard

Illustrated notes

Levels and vault maps discovered:
D:1:      dpeg_arrival_renting, layout_rooms
D:2:      layout_loops_ring, grunt_ministairs_13, minmay_misc_feat_room,
          hangedman_decor_diamond_cutter
D:4:      layout_basic, minmay_temple_entry_glassed_door,
          hellmonk_ghost_happy_afterlife, portal_sewer_entry_c,
          hangedman_abyss_or_decor_stagger, uniq_eustachio, uniq_duvessa

Skill      XL: |  1  2  3 |
---------------+----------+-----
Conjurations   | 4 5 |  5.0
Dodging        | |  1.7
Stealth        | |  2.4
Spellcasting   | |  2.1

Action                   |  1- 3 |  4- 6 || total
-------------------------+-------+-------++-------
 Fire: Sling             |    42 |       ||    42
 Cast: Magic Dart        |    10 |     1 ||    11
       Searing Ray       |     4 |       ||     4
Armor: Robe              |     5 |       ||     5
Dodge: Dodged            |    12 |       ||    12
